 Dungeon Crawl Stone Soup version 0.29.1-12-g30fa7ad0bf (webtiles) character file.

Game seed: 15413714396874958309

581 SaifuuSuri the Covered (level 7, -2/61 HPs)
             Began as a Minotaur Fighter on Dec 26, 2022.
             Was a High Priest of Ignis.
             Killed by nerve-wracking pain
             ... invoked by a shadow imp
              (14 damage)
             ... on level 5 of the Dungeon on Dec 27, 2022.
             The game lasted 00:37:35 (3562 turns).

SaifuuSuri the Covered (Minotaur Fighter)           Turns: 3562, Time: 00:37:36

Health: -2/61      AC: 16    Str: 23    XL:     7   Next: 13%
Magic:  6/6        EV:  7    Int:  5    God:    Ignis [*****.]
Gold:   161        SH:  5    Dex:  9    Spells: 6/6 levels left

rFire   + . .      SeeInvis .   t - +8 dagger "Hydraslayer" {drain, Stlth+}
rCold   . . .      Faith    .   c - +0 buckler
rNeg    . . .      Spirit   .   l - +0 chain mail
rPois   .          Reflect  .   (helmet restricted)
rElec   .          Harm     .   (no cloak)
rCorr   .          Rampage  .   u - +0 pair of gloves
Will    .....                   f - +0 pair of boots
Stlth   ..........              (no amulet)
HPRegen 0.20/turn               n - +4 ring of protection
MPRegen 0.10/turn               (no ring)

@: no status effects
A: horns 2, retaliatory headbutt
a: Renounce Religion, Fiery Armour, Foxfire Swarm, Rising Flame


You were on level 5 of the Dungeon.
You worshipped Ignis.
Ignis was extremely pleased with you.
You visited 1 branch of the dungeon, and saw 5 of its levels.

You collected 188 gold pieces.
You spent 27 gold pieces at shops.

Inventory:

Hand Weapons
 a - a +0 war axe
 t - the +8 dagger "Hydraslayer" (weapon) {drain, Stlth+}
   (You found it on level 3 of the Dungeon)

   A truly terrible weapon, it drains the life of any living foe it strikes.
   Stlth:     It makes you more stealthy.
Missiles
 h - 13 poisoned darts (quivered)
Armour
 c - a +0 buckler (worn)
 f - a +0 pair of boots (worn)
 l - a +0 chain mail (worn)
 u - a +0 pair of gloves (worn)
Jewellery
 n - a +4 ring of protection (left hand)
Wands
 p - a wand of digging (1)
Scrolls
 b - a scroll of immolation {unknown}
 j - a scroll of magic mapping {unknown}
 k - a scroll of enchant armour {unknown}
 m - 2 scrolls of poison {unknown}
 q - a scroll of teleportation {unknown}
 s - a scroll of noise {unknown}
 v - a scroll of fear {unknown}
 w - a scroll of blinking {unknown}
Potions
 d - 2 potions of might
 e - a potion of berserk rage {unknown}
 g - 5 potions of curing
 i - a potion of heal wounds {unknown}
 o - a potion of mutation {unknown}
 r - a potion of lignification {unknown}
 x - a potion of cancellation


   Skills:
 + Level 5.4 Fighting
 * Level 3.8 Short Blades
 - Level 4.3 Axes
 + Level 5.5 Armour
 + Level 5.4 Shields


You had 6 spell levels left.
You didn't know any spells.
Your spell library contained the following spells:

 Spells                   Type           Power      Damage    Failure   Level
 Passage of Golubria      Tloc           0%         N/A       100%        4
 Silence                  Hex/Air        0%         N/A       100%        5
 Lehudib's Crystal Spear  Conj/Erth      0%         10d2      100%        8


Dungeon Overview and Level Annotations

Branches:
Dungeon (5/15)
 Temple: D:4-7

Altars:
Hepliaklqana
Vehumet
Ignis

Shops:
D:1 *   D:2 (


Innate Abilities, Weirdness & Mutations

You have a pair of horns on your head.
You reflexively headbutt those who attack you in melee.


Message History

You puncture the shadow imp!
You kill the shadow imp!
A gnoll comes into view. It is wielding a +0 halberd.
The gnoll hits you with a +0 spear.
The white imp hits you but does no damage.
You block the gnoll's attack.
The gnoll shouts!
You hit the gnoll.
The gnoll is lightly wounded.
The gnoll hits you with a +0 spear. The white imp hits you.
The white imp freezes you. The gnoll hits you but does no damage.
A jackal comes into view.
You hit the gnoll.
The gnoll is moderately wounded.
The gnoll hits you but does no damage. The white imp closely misses you.
The gnoll hits you with a +0 halberd.
A jackal comes into view.
You hit the gnoll but do no damage. You drain the gnoll.
You headbutt the gnoll.
The gnoll is severely wounded.
The gnoll hits you but does no damage.
The white imp hits you but does no damage.
The gnoll barely misses you.
You puncture the gnoll!
You kill the gnoll!
The shadow imp summons a swarm of flies.
The white imp hits you but does no damage.
The gnoll hits you with a +0 halberd!
* * * LOW HITPOINT WARNING * * *
The white imp attacks as you move away! The white imp barely misses you.
The gnoll hits you but does no damage.
Items here: )) ? †.
The shadow imp attacks as you move away!
The shadow imp barely misses you.
There is a stone staircase leading up here.
The white imp hits you but does no damage.
You block the gnoll's attack. The shadow imp gestures at you.
Pain shoots through your body!
You die...

## .o....##5# #..
......... #.).
#.......
#...######.....#
#.......h....##..
#.....)#g).h.....
#....).g5.h.:#
#....55####...h..
#.....@# .....
#......# ....
######## ... .. .


You could see 2 gnolls, a white imp, a shadow imp and a jackal.

Vanquished Creatures
  A necrophage (D:3)
  A howler monkey (D:5)
  A jelly (D:4)
  A hound (D:5)
  An orc priest (D:4)
  A gnoll bouda (D:4)
  An orc wizard (D:4)
  17 gnolls
  6 adders
  2 shadow imps (D:5)
  A white imp (D:5)
  5 ufetubi
  A dart slug (D:4)
  8 orcs
  3 ball pythons
  5 endoplasms
  A giant cockroach (D:2)
  6 hobgoblins
  5 jackals
  6 bats
  4 frilled lizards
  6 goblins
  5 kobolds
  2 rats
90 creatures vanquished.

Vanquished Creatures (others)
  A demonic plant (D:5)
1 creature vanquished.

Grand Total: 91 creatures vanquished

Notes
Turn   | Place    | Note
-------+----------+-------------------------------------------
     0 | D:1      | SaifuuSuri the Minotaur Fighter began the quest for the
                  | Orb.
     0 | D:1      | Reached XP level 1. HP: 19/19 MP: 0/0
    66 | D:1      | Reached XP level 2. HP: 27/27 MP: 1/1
   256 | D:1      | Found a faded altar of an unknown god.
   269 | D:1      | Prayed at the altar of an unknown god.
   269 | D:1      | Became a worshipper of Ignis, the Dying Flame
   347 | D:1      | Found Etehie's Assorted Antiques.
   351 | D:1      | Bought a fizzy cyan potion for 27 gold pieces
   881 | D:2      | Reached XP level 3. HP: 33/33 MP: 2/2
  1125 | D:2      | Reached XP level 4. HP: 40/40 MP: 3/3
  1153 | D:2      | Found Ligybolo's Antique Weapon Shoppe.
  1600 | D:3      | Identified the +8 dagger "Hydraslayer" {drain, Stlth+}
  2103 | D:4      | Noticed a necrophage
  2119 | D:3      | Reached XP level 5. HP: 39/47 MP: 4/4
  2120 | D:3      | Reached skill level 1 in Short Blades
  2439 | D:4      | Reached XP level 6. HP: 55/55 MP: 5/5
  2466 | D:4      | Found a hazy altar of Hepliaklqana.
  2567 | D:4      | Reached skill level 5 in Fighting
  2567 | D:4      | Reached skill level 5 in Armour
  2567 | D:4      | Reached skill level 5 in Shields
  2610 | D:4      | Found a radiant altar of Vehumet.
  3103 | D:5      | Entered Level 5 of the Dungeon
  3388 | D:5      | Reached XP level 7. HP: 61/61 MP: 6/6
  3562 | D:5      | Killed from afar by a shadow imp

Illustrated notes

Levels and vault maps discovered:
D:1:      lightli_arrival_windingriver, layout_rooms, serial_shops, shop,
          shapermc_ecumenical_altar_mp_highgroup, minmay_misc_feat_plants,
          chequers_serial_rivers_large_a, st_stairs_1
D:2:      layout_loops_ring, serial_shops, nicolae_shop_advertising_works
          [nicolae_subvault_shop_adworks]
D:3:      layout_basic
D:4:      layout_basic, mainiacjoe_overflow_24_doors,
          mainiacjoe_overflow_surrounded_room
D:5:      layout_rooms, overflow_temple_1_default, kennysheep_mini,
          serial_demonic, serial_demonic_g, serial_demonic_c, serial_demonic_c,
          serial_demonic_a, serial_demonic_g

Skill      XL: |  1  2  3  4  5  6 |
---------------+-------------------+-----
Axes           | 3 4 |  4.3
Fighting       | 4 5 |  5.4
Armour         | 4 5 |  5.5
Shields        | 4 5 |  5.4
Short Blades   | 2 3 |  3.8

Action                   |  1- 3 |  4- 6 |  7- 9 || total
-------------------------+-------+-------+-------++-------
Melee: War axe           |    44 |    33 |       ||    77
       Headbutt          |    11 |    16 |     4 ||    31
       Dagger            |       |    85 |    19 ||   104
Invok: Fiery Armour      |       |     1 |       ||     1
  Use: Potion            |       |     1 |       ||     1
       Scroll            |       |     3 |       ||     3
Armor: Scale mail        |    22 |    62 |       ||    84
       Chain mail        |       |    51 |    27 ||    78
Dodge: Dodged            |    28 |    79 |    20 ||   127
Block: Buckler           |    10 |    39 |    11 ||    60
